 Dungeon Crawl Stone Soup version 0.21-a0-95-g06f091e (webtiles) character file.

20731 4thArraOfDagon the Brawler (level 12, -1/122 HPs)
             Began as a Troll Wanderer on July 4, 2017.
             Was a High Priest of Wu Jian.
             Killed from afar by an orc sorcerer (17 damage)
             ... with a bolt of fire
             ... on level 1 of the Orcish Mines.
             The game lasted 00:34:23 (6618 turns).

4thArraOfDagon the Brawler (Troll Wanderer)         Turns: 6618, Time: 00:34:24

Health: -1/122     AC:  7    Str: 20    XL:     12   Next: 47%
Magic:  11/11      EV: 14    Int: 17    God:    Wu Jian [*****.]
Gold:   714        SH:  4    Dex: 15    Spells: 8/11 levels left

rFire    + . .     SeeInvis .     - Unarmed
rCold    x . .     Gourm    +   (no shield)
rNeg     + . .     Faith    .   Q - +2 robe "Maihur" {rPois Int+2 Dex+6}
rPois    +         Spirit   .   (helmet restricted)
rElec    .         Reflect  .   (no cloak)
rCorr    .         Harm     .   (gloves unavailable)
MR       .....                  (boots unavailable)
Stlth    +.........             (no amulet)
HPRegen  0.70/turn              e - ring of fire
MPRegen  0.12/turn              K - ring of positive energy

@: no status effects
A: unfitting armour, claws 3, horns 2, talons 1, large bone plates 1, clever 1,
fast metabolism 3, gourmand, regeneration 1, screaming 1, shaggy fur 1, tough
skin 2, weak 1
a: Serpent's Lash, Heavenly Storm, Renounce Religion


You were on level 1 of the Orcish Mines.
You worshipped Wu Jian.
Wu Jian was extremely pleased with you.
You were very full.

You visited 3 branches of the dungeon, and saw 17 of its levels.

You collected 811 gold pieces.
You spent 97 gold pieces at shops.

Inventory:

Hand Weapons
 a - a +2 hand axe
 h - a +0 giant spiked club
 t - the +8 dagger of Exquisite Torment {venom, *Noise rPois rC+ Dex+4, unknown}
   (You found it on level 5 of the Dungeon)

   It poisons the flesh of those it strikes.
   It affects your dexterity (+4).
   It protects you from cold.
   It protects you from poison.
   It may make noises in combat.
Missiles
 x - 7 javelins
 L - 4 large rocks (quivered)
 Z - 2 throwing nets
Armour
 c - a +1 robe
 r - a +2 robe of cold resistance
 N - a +1 troll leather armour
 Q - the +2 robe "Maihur" (worn) {rPois Int+2 Dex+6}
   (You found it on level 11 of the Dungeon)

   It affects your intelligence (+2).
   It affects your dexterity (+6).
   It protects you from poison.
Magical Staves
 n - an uncursed staff of death {unknown}
Jewellery
 e - a ring of fire (left claw)
 v - an uncursed ring of poison resistance
 K - a ring of positive energy (right claw)
Wands
 C - a wand of flame (11/48)
 D - a wand of random effects (30/48)
 O - a wand of confusion (46/48)
 P - a wand of lightning (7/15)
 S - a wand of iceblast (3/15)
 U - a wand of acid (6/15)
 W - a wand of digging (17/24)
 Y - a wand of iceblast (6/15)
Scrolls
 b - 2 scrolls of teleportation
 g - a scroll of enchant weapon
 m - a scroll of immolation
 o - 2 scrolls of magic mapping {unknown}
 p - 2 scrolls of remove curse
 q - a scroll of amnesia
 y - 2 scrolls of fear
 A - a scroll of blinking {unknown}
 I - a scroll of recharging
 J - a scroll of fog
Potions
 f - 2 potions of berserk rage
 j - 3 potions of lignification
 k - 4 potions of curing
 s - 2 potions of might
 u - a potion of resistance {unknown}
 w - a potion of invisibility
 z - 3 potions of flight {unknown}
 B - a potion of agility {unknown}
 F - 2 potions of heal wounds {unknown}
 H - 2 potions of brilliance {unknown}
 M - a potion of haste
 R - a potion of ambrosia {unknown}
 T - a potion of cancellation {unknown}
 V - a potion of degeneration
 X - 2 potions of magic {unknown}
Comestibles
 d - 8 bread rations
 i - 11 meat rations
 l - 12 royal jellies
 E - 4 fruits


   Skills:
 + Level 8.4 Fighting
 - Level 1.5 Axes
 - Level 1.0 Throwing
 + Level 7.8 Dodging
 * Level 15.7 Unarmed Combat
 - Level 1.0 Evocations


You had 8 spell levels left.
You knew the following spells:

 Your Spells              Type           Power        Failure   Level  Hunger
a - Apportation           Tloc           #.....       24%         1    ##.....
b - Blink                 Tloc           N/A          34%         2    ###....


Dungeon Overview and Level Annotations

Branches:
Dungeon (15/15)            Temple (1/1) D:5            Lair (0/6) D:10
    Orc (1/2) D:11
 Vaults: D:13-14     Depths: D:15

Altars:
Ashenzari
Dithmenos
Elyvilon
Fedhas
Hepliaklqana
Kikubaaqudgha
Makhleb
Nemelex Xobeh
Okawaru
Qazlal
Ru
Sif Muna
Uskayaw
Vehumet
Wu Jian
Xom
Yredelemnul
Zin
The Shining One

Shops:
D:13 ?

Annotations:
D:14 Nessos, Rupert
D:15 16 runed doors


Innate Abilities, Weirdness & Mutations

You are too large for most types of armour.
You have claws for hands.
Your metabolism is lightning-fast.
You like to eat raw meat.
Your natural rate of healing is unusually fast.
You are covered in fur. (AC +1)
You have very tough skin. (AC +2)
You have a pair of horns on your head.
You have sharp toenails.
You are partially covered in large bone plates. (SH +4)
Your mind is acute. (Int +2)
You occasionally shout uncontrollably at your foes.
You are weak. (Str -2)


Message History

The orc sorcerer points at you and mumbles some strange words.
The bolt of fire hits you! You resist.
Unknown command.
You miss the orc sorcerer.
You claw the orc sorcerer, but do no damage.
The orc sorcerer is moderately wounded.
The sixfirhy barely misses you. The sixfirhy hits you. The sixfirhy shocks you!
The sixfirhy hits you!
* * * LOW HITPOINT WARNING * * *
The sixfirhy shocks you!
* * * LOW HITPOINT WARNING * * *
Unknown command.
Unknown command.
You scratch the orc sorcerer but do no damage.
You claw the orc sorcerer!!
The orc sorcerer is almost dead.
The sixfirhy closely misses you.
The orc sorcerer points at you and mumbles some strange words.
The bolt of fire hits you! You resist.
You die...

..........).........##
.........><..........##
....................#.##
......................#
........#..#.......#.##
#.....................#
...........#.......#.##
.....$....o#.......##
......#..3@...##.##
..........#...####
..........#....##
..#......##...$>#
......$....#.##
...........###
........#...
......####.## #.. #.#


You could see a sixfirhy and an orc sorcerer.

Vanquished Creatures
  Harold (D:12)
  A catoblepas (D:13)
  A centaur warrior (D:13)
  2 two-headed ogres (D:11)
  3 unseen horrors
  An orc knight (D:11)
  3 ugly things
  A cyclops (D:12)
  A centaur zombie (D:12)
  Joseph (D:8)
  6 gargoyles (D:10)
  A kobold demonologist (D:13)
  A komodo dragon (D:12)
  A queen bee (D:10)
  7 trolls
  A meliai zombie (D:15)
  A wyvern (D:11)
  Sigmund (D:2)
  14 yaks
  A hungry ghost (D:12)
  A warg (Orc:1)
  A soldier ant (D:13)
  An acid dragon (D:13)
  A water moccasin (D:13)
  Duvessa (D:4)
  5 ice beasts
  2 phantoms (D:14)
  4 sky beasts
  7 orc warriors
  A black bear (D:9)
  7 ogres
  3 centaurs
  A big kobold (D:8)
  Blork the orc (D:5)
  A bullfrog (D:14)
  Dowan (D:4)
  6 scorpions
  A wyvern skeleton (D:13)
  12 killer bees (D:10)
  2 bullfrog zombies
  A howler monkey (D:12)
  A crimson imp (D:12)
  A quasit (D:9)
  6 hounds
  8 orc priests
  3 centaur skeletons
  2 gnoll shamans
  A jelly (D:6)
  A bullfrog skeleton (D:8)
  Jessica (D:2)
  Ijyb (D:4)
  6 iguanas
  9 worker ants
  Natasha (thrice) (D:2)
  13 orc wizards
  2 hound skeletons
  A howler monkey skeleton (D:5)
  17 gnolls
  7 adders
  A shadow imp (D:5)
  An ooze (D:6)
  A worm (D:6)
  2 dart slugs
  A leopard gecko (D:5)
  53 orcs
  A bat (D:1)
  3 giant cockroaches
  2 goblins (D:1)
  3 hobgoblins
  4 jackals
  9 kobolds
  4 quokkas
  4 ball pythons
  3 frilled lizards
  A quokka zombie (D:5)
  6 rats
  A plant (D:6)
292 creatures vanquished.

Vanquished Creatures (others)
  3 gnolls (D:6)
  A plant (D:6)
4 creatures vanquished.

Grand Total: 296 creatures vanquished

Notes
Turn   | Place    | Note
-------+----------+-------------------------------------------
     0 | D:1      | 4thArraOfDagon the Troll Wanderer began the quest for the Orb.
     0 | D:1      | 4thArraOfDagon set off with: a +2 hand axe, 2 scrolls of teleportation, a +0 robe, 2 bread rations
     0 | D:1      | Reached XP level 1. HP: 23/23 MP: 0/0
    16 | D:2      | Noticed Natasha
    44 | D:3      | Reached skill level 1 in Unarmed Combat
    44 | D:3      | Reached XP level 2. HP: 26/31 MP: 1/1
    53 | D:3      | Reached skill level 2 in Unarmed Combat
    98 | D:3      | Found a faded altar of an unknown god.
   118 | D:3      | Reached skill level 3 in Unarmed Combat
   118 | D:3      | Reached XP level 3. HP: 32/37 MP: 2/2
   160 | D:4      | Found a shadowy altar of Dithmenos.
   178 | D:4      | Noticed Dowan
   183 | D:5      | Entered Level 5 of the Dungeon
   219 | D:6      | Noticed a sky beast
   247 | D:6      | Killed a sky beast
   247 | D:6      | Reached skill level 4 in Unarmed Combat
   247 | D:6      | Reached XP level 4. HP: 31/45 MP: 3/3
   247 | D:6      | Reached XP level 5. HP: 36/53 MP: 4/4
   257 | D:6      | Gained mutation: You have a pair of small horns on your head. [mutagenic meat]
   258 | D:6      | Gained mutation: You tend to lose your temper in combat. [mutagenic meat]
   259 | D:6      | Gained mutation: You occasionally shout uncontrollably at your foes. [mutagenic meat]
   260 | D:6      | Gained mutation: Your mind is acute. (Int +2) [mutagenic meat]
   261 | D:6      | Gained mutation: You are weak. (Str -2) [mutagenic meat]
   262 | D:6      | Gained mutation: You are partially covered in large bone plates. (SH +4) [mutagenic meat]
   276 | D:5      | Found a staircase to the Ecumenical Temple.
   278 | D:5      | Noticed a centaur
   283 | D:6      | Reached skill level 5 in Unarmed Combat
   332 | D:6      | Killed a centaur
   332 | D:6      | Reached XP level 6. HP: 22/61 MP: 5/5
   360 | D:5      | Reached skill level 6 in Unarmed Combat
   366 | Temple   | Entered the Ecumenical Temple
   628 | D:4      | Learned a level 1 spell: Apportation
   783 | D:6      | Reached skill level 7 in Unarmed Combat
   817 | D:6      | Found a stormy altar of Qazlal.
   846 | D:6      | Found a radiant altar of Vehumet.
   906 | D:8      | Noticed an ice beast
   907 | D:8      | Reached XP level 7. HP: 67/67 MP: 6/6
   953 | D:8      | Noticed Joseph
   967 | D:8      | Killed Joseph
   967 | D:8      | Reached skill level 9 in Unarmed Combat
   987 | D:8      | Reached XP level 8. HP: 61/75 MP: 7/7
  1144 | D:8      | Reached skill level 10 in Unarmed Combat
  1147 | D:8      | Gained mutation: You have sharp toenails. [mutagenic meat]
  1148 | D:8      | Lost mutation: You tend to lose your temper in combat. [mutagenic meat]
  1195 | D:8      | Found a hazy altar of Hepliaklqana.
  1435 | D:8      | Found an ornate altar of the Wu Jian Council.
  1443 | D:8      | Became a worshipper of the Wu Jian Council
  1551 | D:9      | Reached skill level 11 in Unarmed Combat
  1742 | D:9      | Reached XP level 9. HP: 84/84 MP: 8/8
  1769 | D:10     | Entered Level 10 of the Dungeon
  1769 | D:10     | Found a staircase to the Lair.
  1779 | D:10     | Reached * piety under Wu Jian
  2012 | D:7      | Found a white marble altar of Elyvilon.
  2343 | D:5      | Noticed Blork the orc
  2365 | D:5      | Killed Blork the orc
  2399 | D:5      | Got a slimy dagger
  2586 | D:2      | Noticed Sigmund
  2594 | D:2      | Killed Sigmund
  2599 | D:2      | Killed Natasha
  2613 | D:2      | Found a hide-covered altar of Uskayaw.
  2613 | D:2      | Found a sacrificial altar of Ru.
  2647 | D:2      | Noticed Jessica
  2666 | D:2      | Killed Jessica
  2674 | D:2      | Noticed Natasha
  2677 | D:2      | Reached ** piety under Wu Jian
  2684 | D:2      | Killed Natasha
  2835 | D:1      | Found a sparkling altar of Nemelex Xobeh.
  2933 | D:2      | Noticed Natasha
  2938 | D:2      | Killed Natasha
  3149 | D:4      | Noticed Duvessa
  3153 | D:4      | Killed Duvessa
  3157 | D:4      | Killed Dowan
  3190 | D:4      | Noticed Ijyb
  3197 | D:4      | Killed Ijyb
  3382 | D:7      | Reached skill level 12 in Unarmed Combat
  3396 | D:7      | Learned a level 2 spell: Blink
  3526 | D:9      | Reached skill level 5 in Fighting
  3532 | D:9      | Reached *** piety under Wu Jian
  3591 | D:9      | Reached XP level 10. HP: 75/96 MP: 9/9
  3629 | D:10     | Noticed a gargoyle
  3631 | D:10     | Killed a gargoyle
  3635 | D:10     | Noticed a gargoyle
  3645 | D:10     | Killed a gargoyle
  3761 | D:10     | Noticed a gargoyle
  3762 | D:10     | Noticed a gargoyle
  3775 | D:10     | Killed a gargoyle
  3778 | D:10     | Killed a gargoyle
  3821 | D:10     | Noticed a gargoyle
  3828 | D:10     | Killed a gargoyle
  3875 | D:10     | Noticed a gargoyle
  3878 | D:10     | Killed a gargoyle
  3878 | D:10     | Reached skill level 5 in Dodging
  3878 | D:10     | Reached skill level 13 in Unarmed Combat
  4407 | D:11     | Found a staircase to the Orcish Mines.
  4407 | D:11     | Noticed a brown ugly thing
  4424 | D:11     | Killed a brown ugly thing
  4428 | D:11     | Gained mutation: You are frail. (-10% HP) [mutagenic meat]
  4429 | D:11     | Lost mutation: You are frail. (-10% HP) [mutagenic meat]
  4465 | D:11     | Noticed a two-headed ogre
  4477 | D:11     | You fall through a shaft!
  4509 | D:12     | Noticed a cyclops
  4525 | D:12     | Killed a cyclops
  4557 | D:12     | Reached XP level 11. HP: 84/107 MP: 10/10
  4602 | D:12     | Reached **** piety under Wu Jian
  4772 | D:11     | Noticed a two-headed ogre
  4776 | D:11     | Killed a two-headed ogre
  4793 | D:11     | Got a shimmering robe
  4799 | D:11     | Killed a two-headed ogre
  4799 | D:11     | Reached skill level 14 in Unarmed Combat
  4817 | D:11     | Noticed a green ugly thing
  4828 | D:11     | Killed a green ugly thing
  4831 | D:11     | Gained mutation: You have a pair of horns on your head. [mutagenic meat]
  4850 | D:11     | Identified the +2 robe "Maihur" {rPois Int+2 Dex+6} (You found it on level 11 of the Dungeon)
  5204 | D:15     | Entered Level 15 of the Dungeon
  5204 | D:15     | Found a huge runed gate.
  5204 | D:15     | Found a huge runed gate.
  5204 | D:15     | Found a huge runed gate.
  5204 | D:15     | Found a huge runed gate.
  5204 | D:15     | Found a huge runed gate.
  5204 | D:15     | Found a huge runed gate.
  5204 | D:15     | Found a huge runed gate.
  5204 | D:15     | Found a huge runed gate.
  5204 | D:15     | Found a huge runed gate.
  5204 | D:15     | Found a huge runed gate.
  5224 | D:15     | Found a huge runed gate.
  5224 | D:15     | Found a huge runed gate.
  5224 | D:15     | Found a huge runed gate.
  5224 | D:15     | Found a huge runed gate.
  5224 | D:15     | Found a huge runed gate.
  5224 | D:15     | Found a huge runed gate.
  5234 | D:15     | Noticed an orc knight
  5308 | D:14     | Noticed Rupert
  5312 | D:14     | Paralysed by Rupert for 2 turns
  5321 | D:14     | Noticed Nessos
  5420 | D:13     | Noticed a green ugly thing
  5436 | D:13     | Killed a green ugly thing
  5453 | D:13     | Found Unow's Magic Scroll Shoppe.
  5461 | D:13     | Bought a scroll of fear for 45 gold pieces
  5474 | D:13     | Bought a scroll of identify for 26 gold pieces
  5474 | D:13     | Bought a scroll of identify for 26 gold pieces
  5493 | D:13     | Reached ***** piety under Wu Jian
  5547 | D:13     | Noticed a catoblepas
  5565 | D:13     | Killed a catoblepas
  5617 | D:13     | Found a runed door.
  5631 | D:13     | Killed an unseen horror
  5633 | D:13     | Noticed a deep elf annihilator
  5749 | D:14     | Reached skill level 15 in Unarmed Combat
  5807 | D:13     | Reached XP level 12. HP: 119/119 MP: 11/11
  6030 | D:13     | Noticed a centaur warrior
  6034 | D:13     | Killed a centaur warrior
  6140 | D:12     | Noticed Harold
  6165 | D:12     | Killed Harold
  6369 | Orc:1    | Entered Level 1 of the Orcish Mines
  6618 | Orc:1    | Killed from afar by an orc sorcerer

Vault maps used:
D:1:      dpeg_arrival_central, nemelex_xobeh_ov_fountains_minmay
D:2:      chequers_temple_overflow_statue_of_worship, kennysheep_slug_shrine,
          uniq_jessica, uniq_sigmund, uniq_crazy_yiuf_cottage, uniq_natasha
D:3:      chequers_ecumenical_altar_simple_redux
D:4:      nicolae_dithmenos_the_darkroom, serial_shops, nicolae_shop_trees,
          first_bread, kennysheep_generic_room_3, uniq_ijyb, uniq_duvessa
D:5:      lemuel_crystal_altar, minmay_temple_entry_trees,
          hangedman_abyss_or_decor_stabs, uniq_blork_the_orc
D:6:      fiery_altar_vehumet, nicolae_qazlal_general_emergency, serial_bayou,
          serial_bayou_shore_b, serial_bayou_shore_b, serial_bayou_crossing,
          serial_bayou_lake_a, serial_bayou_ford_a, basic_altar
D:7:      marbit_many_paths, elyvilon_altar_1
D:8:      overflow_temple_1_default, lemuel_doored_altar,
          kennysheep_small_spiral, uniq_joseph
D:10:     cheibrodos_statue_roulette, lair_entry_dummy, david_nohive_1,
          kennysheep_generic_room_7
D:11:     orc_0_dummy
D:12:     uniq_harold
D:13:     lightli_vaults_fourway_checkpoint, serial_shops, nicolae_shop_stone,
          minivault_13
D:14:     minmay_misc_feat_doors, hangedman_abyss_or_decor_slice, uniq_agnes,
          uniq_nessos, uniq_snorg, uniq_rupert
D:15:     grunt_enter_depths_hoard, minivault_11, door_vault
Temple:   minmay_temple_curvy_loop

Skill      XL: |  1  2  3  4  5  6  7  8  9 10 11 12 |
---------------+-------------------------------------+-----
Unarmed Combat | 1 3 4 5 7 9 11 12 13 15 | 15.7
Dodging        | 2 4 5 7 |  7.8
Fighting       | 5 6 7 8 |  8.4
Axes           | |  1.5
Throwing       | |  1.0
Evocations     | |  1.0

Action                   |  1- 3 |  4- 6 |  7- 9 | 10-12 || total
-------------------------+-------+-------+-------+-------++-------
Melee: Unarmed           |    48 |    66 |   313 |   419 ||   846
       Headbutt          |       |     9 |    48 |    64 ||   121
       Punch             |       |     1 |    12 |    23 ||    36
       Kick              |       |       |    60 |   107 ||   167
Throw: Javelin           |       |       |       |     4 ||     4
       Large rock        |       |       |       |    14 ||    14
  Use: Scroll            |       |     3 |     8 |     7 ||    18
       Potion            |       |       |     1 |     1 ||     2
 Stab: Sleeping          |       |       |       |     2 ||     2
  Eat: Chunk             |     3 |    14 |    30 |    30 ||    77
Armor: Robe              |    17 |    10 |    77 |    62 ||   166
       Troll leather arm |       |       |       |     5 ||     5
Dodge: Dodged            |    35 |    31 |   112 |   148 ||   326
Block: Other             |       |    10 |    25 |    36 ||    71
